 Dungeon Crawl Stone Soup version 0.31-a0-1570-g93c622d (webtiles) character file.

Game seed: 9162370014465451768

36385 CountryCottage the Slicer (level 13, -1/69 (70) HPs)
             Began as a Vine Stalker Chaos Knight on Jan 3, 2024.
             Was a Plaything of Xom.
             Killed from afar by an oklob plant (25 damage)
             ... with a splash of acid
             ... on level 3 of the Lair of Beasts.
             The game lasted 00:19:58 (12466 turns).

CountryCottage the Slicer (VSCK)                   Turns: 12466, Time: 00:19:59

HP:   -1/69 (70)    AC:  6    Str: 14    XL:     13   Next: 89%
MP:   0/14          EV: 20    Int: 12    God:    Xom [.*....]
Gold: 895           SH:  5    Dex: 20    Spells: 12/12 levels left

rFire   . . .        m - +5 short sword "Dustu" {drain, Fly rElec}
rCold   . . .        L - +0 buckler
rNeg    . . .        z - quicksilver dragon scales
rPois   .            (helmet restricted)
rElec   +            y - +1 cloak
rCorr   .            A - +0 pair of gloves
SInv    .            l - +1 pair of boots of the Modern God {+Blink}
Will    ++...        G - amulet of regeneration
Stlth   +            i - ring of protection from fire
HPRegen 1.91/turn    Q - +5 ring of evasion
MPRegen 0.14/turn

%: clarity, guardian spirit
@: corroded, flying, lightly drained
A: fangs 3, regeneration 1, magic shield, antimagic bite, no potion heal 2,
horns 1, clarity, mutation resistance 1, wild magic 1, heat vulnerability 1
a: Renounce Religion, Evoke Blink


You were on level 3 of the Lair of Beasts.
You worshipped Xom.
You were a plaything of Xom.
You visited 2 branches of the dungeon, and saw 15 of its levels.

You collected 895 gold pieces.

Inventory:

Hand Weapons
 a - a +0 short sword of chaos
 f - a +4 dagger of electrocution
 m - the +5 short sword "Dustu" (weapon) {drain, Fly rElec}
   (You found it on level 3 of the Dungeon)

   rElec:     It insulates you from electricity.
   Fly:       It grants you flight.
 q - a +3 rapier of electrocution
Missiles
 b - a throwing net
Armour
 l - the +1 pair of boots of the Modern God (worn) {+Blink}
   (You acquired it on level 8 of the Dungeon)

   +Blink:    It lets you blink.
 n - a +1 helmet
 y - a +1 cloak (worn)
 z - quicksilver dragon scales (worn)
 A - a +0 pair of gloves (worn)
 L - a +0 buckler (worn)
Jewellery
 h - a ring of flight
 i - a ring of protection from fire (left hand)
 j - a ring of protection from fire
 o - a ring of positive energy
 B - a +6 ring of strength
 E - a ring of fire
 F - a ring of protection from fire
 G - an amulet of regeneration (around neck)
 H - an amulet of the acrobat
 P - a ring of ice
 Q - a +5 ring of evasion (right hand)
 R - a +5 ring of evasion
Wands
 e - a wand of polymorph (5)
 s - a wand of light (6)
 u - a wand of roots (11)
 x - a wand of digging (4)
 M - a wand of paralysis (6)
Scrolls
 c - a scroll of butterflies
 d - 2 scrolls of amnesia
 g - 10 scrolls of identify
 k - a scroll of brand weapon
 p - a scroll of revelation
 r - 4 scrolls of enchant weapon
 w - 2 scrolls of teleportation
 K - 2 scrolls of fear
Potions
 t - a potion of brilliance
 v - 3 potions of curing
 C - a potion of magic
 D - a potion of resistance
 J - a potion of might
 N - a potion of haste
 O - a potion of berserk rage
Miscellaneous
 I - a lightning rod (4/4)


   Skills:
 + Level 9.5 Fighting
 * Level 13.0 Short Blades
 + Level 8.4 Armour
 + Level 8.0 Dodging
 + Level 9.5 Unarmed Combat


You had 12 spell levels left.
You didn't know any spells.
Your spell library contained the following spells:

 Spells                   Type           Power      Damage    Failure   Level
 Call Canine Familiar     Summ           0%         N/A       96%         3
 Sigil of Binding         Hex            0%         N/A       96%         3
 Dimensional Bullseye     Hex/Tloc       0%         N/A       100%        4
 Vhi's Electric Charge    Tloc/Air       0%         N/A       100%        4
 Arcjolt                  Conj/Air       0%         1d10      100%        5
 Iskenderun's Battlesphe  Conj           0%         2d6       100%        5
 Bombard                  Conj/Erth      0%         9d1       100%        6
 Plasma Beam              Fire/Air       0%         2x1d10    100%        6
 Spellforged Servitor     Conj/Summ      0%         N/A       100%        7


Dungeon Overview and Level Annotations

Branches:
Dungeon (11/15)            Temple (0/1) D:7            Lair (4/5) D:11
 Shoals (0/4) Lair:2        Snake (0/4) Lair:2          Orc (0/2) D:11
  Slime: Lair:4-5

Altars:
Cheibriados
Fedhas
Gozag
Makhleb
Nemelex Xobeh
Okawaru
Qazlal
Xom

Shops:
D:2 ?

Annotations:
Lair:3 exclusion: 2 oklob plants


Innate Abilities, Weirdness & Mutations

You have razor-sharp teeth.
Your natural rate of healing is unusually fast.
When hurt, damage is shared between your health and your magic reserves.
Your bite disrupts and absorbs the magic of your enemies.
Potions cannot restore your health.
You have a pair of small horns on your head.
You possess an exceptional clarity of mind.
You are somewhat resistant to further mutation.
Your spells are a little harder to cast, but a little more powerful.
You are vulnerable to heat. (rF-)


Message History

You bite the oklob plant, but do no damage.
The oklob plant is lightly damaged.
The oklob plant spits acid at you. The splash of acid hits you!!
The acid corrodes you!
You hit the oklob plant but do no damage.
You drain the oklob plant.
You headbutt the oklob plant, but do no damage.
The oklob plant is lightly damaged.
You hit the oklob plant but do no damage.
You headbutt the oklob plant, but do no damage.
You bite the oklob plant, but do no damage.
The oklob plant is lightly damaged.
You hit the oklob plant but do no damage.
You bite the oklob plant. You drain its power.
You feel invigorated.
The oklob plant is lightly damaged.
You hit the oklob plant but do no damage.
You headbutt the oklob plant, but do no damage.
The oklob plant is lightly damaged.
You hit the oklob plant but do no damage.
You drain the oklob plant.
You bite the oklob plant, but do no damage.
The oklob plant is moderately damaged.
You completely miss the oklob plant.
You bite the oklob plant, but do no damage.
The oklob plant is moderately damaged.
You hit the oklob plant but do no damage.
You headbutt the oklob plant.
The oklob plant is moderately damaged.
You puncture the oklob plant! You drain the oklob plant.
You headbutt the oklob plant, but do no damage.
The oklob plant is heavily damaged.
The oklob plant spits acid at you. The splash of acid hits you!
The acid corrodes you!
You hit the oklob plant but do no damage.
You drain the oklob plant.
The oklob plant is heavily damaged.
The oklob plant spits acid at you. The splash of acid hits you!!
You die...
Xom chortles!

♣.♣♣♣♣♣..P###..
♣♣..♣.♣♣.## ..
♣♣♣♣.♣.♣.##
♣♣.♣.♣.♣♣..#
♣.♣.♣♣♣♣♣..##
♣.♣♣♣♣♣♣.#.#
♣♣..♣P♣♣♣..#
♣♣.$$♣♣...##
♣@_.♣♣....##
♣P$.♣♣♣.....#
♣♣♣♣♣ ♣##...#
#.>.# #####


You could see 2 oklob plants.

Vanquished Creatures
  Fannar (Lair:2)
  A centaur warrior (D:11)
  A two-headed ogre (D:11)
  2 boulder beetles (D:11)
  A tengu warrior (D:11)
  A sun moth (shapeshifter) (D:11)
  An orc knight (D:11)
  2 oklob plants (D:11)
  A cyclops (D:11)
  A manticore (D:11)
  2 ugly things (D:11)
  A salamander (D:10)
  Maurice (D:7)
  10 elephants
  Joseph (D:7)
  5 black mambas
  6 cane toads
  4 gargoyles (D:11)
  A kobold demonologist (D:11)
  Jeremiah (D:8)
  Psyche (D:8)
  Maggie (Lair:2)
  A komodo dragon (Lair:4)
  An efreet (D:11)
  5 trolls (D:11)
  A tengu conjurer (D:11)
  Prince Ribbit (D:5)
  3 hornets
  4 blink frogs (Lair:4)
  A shadow (D:11)
  21 yaks
  A wyvern (D:6)
  6 wraiths (D:11)
  Grum (D:10)
  5 basilisks
  3 steam dragons
  6 vampire mosquitoes
  A swamp worm (shapeshifter) (D:11)
  Edmund (D:4)
  3 acid dragons (D:11)
  13 water moccasins
  Duvessa (D:5)
  A sky beast (D:8)
  An ice beast (D:7)
  A black bear (D:5)
  7 orc warriors
  7 ogres
  15 wolves
  5 centaurs
  A phantom (D:6)
  8 kobold brigands
  7 bullfrogs
  2 scorpions (D:7)
  4 gnoll sergeants (D:6)
  9 killer bees
  Dowan (D:5)
  6 electric eels (Lair:2)
  15 howler monkeys
  2 lava snakes (Lair:2)
  2 jellies
  12 orc priests
  3 gnoll boudas
  14 hounds
  Jessica (D:3)
  3 iguanas
  A sleepcap (D:5)
  19 orc wizards
  5 hell rats (Lair:3)
  8 adders
  16 gnolls
  A river rat (D:3)
  A shadow imp (D:7)
  A white imp (D:6)
  2 ribbon worms
  2 dart slugs (D:5)
  52 orcs
  5 bats
  4 endoplasms
  3 giant cockroaches
  7 hobgoblins
  7 jackals
  5 quokkas
  4 ball pythons
  3 frilled lizards
  9 goblins
  31 kobolds
  6 rats
444 creatures vanquished.

Vanquished Creatures (collateral kills)
  A skeletal warrior (D:11)
  2 electric eels (Lair:2)
  A lava snake (Lair:2)
  An orc wizard (D:11)
  A kobold (D:11)
6 creatures vanquished.

Vanquished Creatures (others)
  A water moccasin (Lair:2)
  A wolf (Lair:2)
2 creatures vanquished.

Grand Total: 452 creatures vanquished

Notes
Turn   | Place    | Note
-------+----------+-------------------------------------------
     0 | D:1      | CountryCottage the Vine Stalker Chaos Knight began the
                  | quest for the Orb.
     0 | D:1      | Reached XP level 1. HP: 11/11 MP: 2/2
    73 | D:1      | You fall into a shaft and drop 1 floor!
    82 | D:2      | Reached skill level 1 in Dodging
    82 | D:2      | Reached XP level 2. HP: 15/16 MP: 3/3
    88 | D:2      | Reached skill level 3 in Short Blades
    91 | D:2      | Found a burning altar of Makhleb.
   124 | D:2      | Reached XP level 3. HP: 19/19 MP: 4/4
   273 | D:2      | XOM: silly message
   343 | D:2      | XOM: silly message
   456 | D:2      | Found Wofokeor's Magic Scroll Boutique.
   626 | D:1      | Reached skill level 1 in Unarmed Combat
   883 | D:1      | Reached XP level 4. HP: 24/24 MP: 5/5
  1062 | D:1      | Found a faded altar of an unknown god.
  1545 | D:2      | XOM: scenery: 1 doors close
  1720 | D:3      | Noticed Jessica
  1731 | D:3      | Killed Jessica
  1732 | D:3      | Reached XP level 5. HP: 7/28 MP: 3/6
  1921 | D:3      | XOM: cloud trail
  2017 | D:3      | Identified the +5 short sword "Dustu" {drain, Fly rElec}
  2150 | D:3      | XOM: god gift: glowing pearl ring {god gift}
  2209 | D:3      | Identified the +7 quarterstaff "Pikeas" {venom, rElec}
  2211 | D:3      | Found a sparkling altar of Nemelex Xobeh.
  2551 | D:3      | Reached skill level 4 in Short Blades
  2665 | D:4      | Reached XP level 6. HP: 32/32 MP: 7/7
  2849 | D:4      | XOM: butterfly on damage
  2851 | D:4      | XOM: enchant monster (good)
  2858 | D:4      | Reached XP level 7. HP: 28/37 MP: 4/8
  3319 | D:5      | Entered Level 5 of the Dungeon
  3324 | D:5      | Noticed Edmund
  3337 | D:5      | XOM: cleaving
  3350 | D:4      | Killed Edmund
  3351 | D:4      | Reached skill level 5 in Short Blades
  3369 | D:4      | XOM: give mutations
  3369 | D:4      | Gained mutation: A frigid envelope surrounds you and
                  | freezes all who hurt you. [Xom's grace]
  3369 | D:4      | Gained mutation: You are somewhat resistant to further
                  | mutation. [Xom's grace]
  3369 | D:4      | Gained mutation: You have sharp toenails. [Xom's grace]
  3369 | D:4      | Gained mutation: Your spells are a little harder to cast,
                  | but a little more powerful. [Xom's grace]
  3397 | D:5      | XOM: 1-stop teleportation journey
  3444 | D:5      | Noticed Dowan
  3446 | D:5      | Noticed Duvessa
  3449 | D:5      | Killed Dowan
  3456 | D:5      | Killed Duvessa
  3457 | D:5      | Gained mutation: You have razor-sharp teeth. [Vine Stalker
                  | growth]
  3457 | D:5      | Reached XP level 8. HP: 22/42 MP: 5/9
  3560 | D:5      | XOM: cast spell 'Alistair's Intoxication'
  3563 | D:5      | XOM: butterfly on damage
  3623 | D:5      | Found a stormy altar of Qazlal.
  3626 | D:5      | Found a blossoming altar of Fedhas.
  3627 | D:5      | Noticed Prince Ribbit
  3659 | D:5      | Killed Prince Ribbit
  3660 | D:5      | Reached skill level 6 in Short Blades
  3758 | D:5      | XOM: give mutation
  3758 | D:5      | Lost mutation: You have sharp toenails. [Xom's grace]
  3758 | D:5      | Gained mutation: You have large cloven feet. [Xom's grace]
  4036 | D:5      | XOM: divination: magic mapping
  4138 | D:6      | Noticed a wyvern
  4148 | D:6      | Killed a wyvern
  4149 | D:6      | Reached skill level 5 in Fighting
  4149 | D:6      | Reached XP level 9. HP: 41/47 MP: 6/10
  4346 | D:6      | XOM: enchant monster (good)
  4351 | D:6      | XOM: destruction
  4357 | D:6      | Reached skill level 7 in Short Blades
  4363 | D:6      | XOM: repel stairs
  4401 | D:6      | Noticed a cyclops
  4404 | D:6      | HP: 1/47 [gnoll sergeant/+6 vampiric spear (9)]
  4556 | D:6      | XOM: 8-stop teleportation journey
  4707 | D:6      | Reached skill level 5 in Unarmed Combat
  4742 | D:6      | XOM: blink monster(s)
  4766 | D:6      | XOM: silly message
  4836 | D:6      | XOM: confuse monster(s)
  4846 | D:6      | Reached XP level 10. HP: 50/53 MP: 9/11
  4857 | D:6      | Reached skill level 8 in Short Blades
  4877 | D:6      | XOM: give mutations
  4877 | D:6      | Lost mutation: A frigid envelope surrounds you and freezes
                  | all who hurt you. [Xom's mischief]
  4877 | D:6      | Gained mutation: Your health recovers twice as slowly from
                  | being drained. [Xom's mischief]
  4877 | D:6      | Gained mutation: You possess an exceptional clarity of
                  | mind. [Xom's mischief]
  4922 | D:6      | Reached skill level 5 in Armour
  4934 | D:6      | XOM: potion effect (brilliance)
  5268 | D:7      | Found a staircase to the Ecumenical Temple.
  5467 | D:7      | Noticed Maurice
  5479 | D:7      | Something stole a +4 dagger of electrocution
  5484 | D:7      | Something stole 363 gold
  5485 | D:7      | Something stole a ring of positive energy
  5489 | D:7      | Something stole 2 throwing nets
  5521 | D:7      | Killed Maurice
  5586 | D:7      | XOM: silly message
  5651 | D:7      | XOM: god gift: glowing halberd {god gift}
  5706 | D:7      | Found an iron altar of Okawaru.
  5742 | D:7      | Reached skill level 5 in Dodging
  5921 | D:7      | Noticed Joseph
  5935 | D:7      | XOM: scenery: summon butterflies
  5946 | D:7      | Killed Joseph
  6162 | D:8      | XOM: fog
  6181 | D:8      | Paralysed by a hornet for 3 turns
  6192 | D:8      | Reached skill level 9 in Short Blades
  6339 | D:8      | Noticed Jeremiah
  6400 | D:7      | XOM: give mutations
  6400 | D:7      | Gained mutation: You passively dampen the noise of your
                  | surroundings. [Xom's mischief]
  6400 | D:7      | Lost mutation: You possess an exceptional clarity of mind.
                  | [Xom's mischief]
  6414 | D:8      | Killed Jeremiah
  6451 | D:8      | Noticed Psyche
  6458 | D:8      | Killed Psyche
  6459 | D:8      | Reached XP level 11. HP: 45/52 MP: 10/12
  6520 | D:8      | Found a snail-covered altar of Cheibriados.
  6705 | D:8      | Identified a scroll of acquirement
  6705 | D:8      | Acquired the +1 pair of boots of the Modern God {+Blink}
  7083 | D:9      | XOM: summons 3 friendly demons
  7178 | D:9      | XOM: 6-stop teleportation journey
  7410 | D:10     | Entered Level 10 of the Dungeon
  7535 | D:10     | XOM: divination: detect items
  7602 | D:10     | a wolf changed into a salamander
  7602 | D:10     | Noticed a salamander
  7602 | D:10     | XOM: polymorph wolf -> salamander
  7603 | D:10     | Noticed Grum
  7618 | D:10     | XOM: enchant monster (bad)
  7619 | D:10     | XOM: summons friendly crimson imp
  7631 | D:10     | XOM: confuse monster(s)
  7632 | D:10     | Killed Grum
  7639 | D:10     | Killed a salamander
  7640 | D:10     | Reached skill level 10 in Short Blades
  7719 | D:10     | XOM: 5-stop teleportation journey
  7868 | D:10     | XOM: divination: magic mapping
  7882 | D:10     | XOM: fake destruction
  7926 | D:10     | XOM: silly message
  7953 | D:10     | XOM: noise
  7959 | D:10     | XOM: divination: detect creatures
  8264 | D:11     | XOM: enchant monster (bad)
  8305 | D:11     | Noticed a boulder beetle
  8310 | D:11     | XOM: confuse monster(s)
  8327 | D:11     | Killed a boulder beetle
  8334 | D:11     | XOM: scenery: 1 doors open
  8395 | D:11     | Noticed a cyan ugly thing
  8396 | D:11     | XOM: 1-stop teleportation journey
  8397 | D:11     | Noticed a skeletal warrior
  8397 | D:11     | Noticed a manticore
  8413 | D:11     | HP: 1/58 [skeletal warrior/+0 glaive (15)]
  8414 | D:11     | Noticed an oklob plant
  8414 | D:11     | Noticed an oklob plant
  8460 | D:11     | XOM: draining
  8505 | D:11     | Found a staircase to the Lair.
  8518 | D:11     | XOM: scenery: create altars
  8520 | D:11     | Killed an oklob plant
  8549 | D:11     | Killed a cyan ugly thing
  8571 | D:11     | Killed an oklob plant
  8572 | D:11     | Reached XP level 12. HP: 32/61 MP: 13/13
  8630 | D:11     | Noticed a centaur warrior
  8632 | D:11     | XOM: chaos upgrade
  8638 | D:11     | Killed a centaur warrior
  8665 | D:11     | Found a staircase to the Orcish Mines.
  8739 | D:11     | XOM: scenery: summon butterflies
  8814 | D:11     | Reached skill level 11 in Short Blades
  8860 | D:11     | XOM: fog
  8961 | D:11     | XOM: 4-stop teleportation journey
  8988 | D:11     | XOM: summons friendly crimson imp
  8991 | D:11     | XOM: confuse monster(s)
  9031 | D:11     | XOM: divination: detect items
  9048 | D:11     | XOM: cloud trail
  9230 | D:11     | XOM: god gift: scroll of enchant weapon
  9441 | D:11     | XOM: summons friendly crimson imp
  9468 | D:11     | XOM: noise
  9514 | D:11     | HP: 1/64 [skeletal warrior/+0 glaive (14)]
  9654 | D:11     | XOM: enchant monster (bad)
  9722 | D:11     | XOM: potion effect (brilliance)
  9731 | D:11     | XOM: divination: detect creatures
  9748 | D:11     | Lost mutation: You passively dampen the noise of your
                  | surroundings. [potion of mutation]
  9748 | D:11     | Lost mutation: You have large cloven feet. [potion of
                  | mutation]
  9748 | D:11     | Lost mutation: Your health recovers twice as slowly from
                  | being drained. [potion of mutation]
  9776 | D:11     | XOM: cast spell 'Summon Mana Viper'
  9835 | D:11     | XOM: summons friendly iron imp
  9842 | D:11     | Noticed a two-headed ogre
  9844 | D:11     | Found a stormy altar of Qazlal.
  9850 | D:11     | XOM: polymorph iron imp -> crimson imp
  9856 | D:11     | XOM: cast spell 'Fugue of the Fallen'
  9864 | D:11     | Killed a two-headed ogre
  9894 | D:11     | Found an opulent altar of Gozag.
  9894 | D:11     | Noticed a boulder beetle
  9910 | D:11     | XOM: divination: magic mapping
  9924 | D:11     | XOM: blink monster(s)
  9926 | D:11     | Killed a boulder beetle
  9960 | D:11     | Identified the +5 long sword of Painful Death {flame, Will+
                  | Stlth+}
  9965 | D:11     | Noticed a tengu warrior
  9969 | D:11     | XOM: blink monster(s)
  9979 | D:11     | XOM: divination: detect items
  9981 | D:11     | Killed a tengu warrior
  9985 | D:11     | Reached XP level 13. HP: 69/69 MP: 14/14
 10003 | D:11     | Reached skill level 12 in Short Blades
 10025 | D:11     | Identified the +0 leather armour of the Orange Skies {*Slow
                  | +Blink rCorr Str+3}
 10176 | Lair:1   | Entered Level 1 of the Lair of Beasts
 10251 | Lair:1   | XOM: silly message
 10341 | Lair:1   | XOM: silly message
 10354 | Lair:1   | HP: 2/70 [yak (9)]
 10445 | Lair:1   | XOM: noise
 10528 | Lair:1   | XOM: enchant monster (good)
 10544 | Lair:1   | XOM: 1-stop teleportation journey
 10750 | Lair:1   | XOM: cast spell 'Summon Horrible Things'
 10836 | Lair:2   | Found a staircase to the Shoals.
 10950 | Lair:2   | Found a staircase to the Snake Pit.
 10959 | Lair:2   | XOM: noise
 10973 | Lair:2   | XOM: confusion (+ monsters)
 10977 | Lair:2   | XOM: noise
 10979 | Lair:2   | XOM: divination: magic mapping
 10988 | Lair:2   | XOM: stat loss: -1 Int (11/12)
 11000 | Lair:2   | XOM: give mutation
 11000 | Lair:2   | Gained mutation: You are vulnerable to heat. (rF-) [Xom's
                  | mischief]
 11002 | Lair:2   | XOM: destruction
 11081 | Lair:2   | Noticed Maggie
 11087 | Lair:2   | XOM: silly message
 11090 | Lair:2   | XOM: noise
 11090 | Lair:2   | Killed Maggie
 11127 | Lair:2   | XOM: god gift: potion of haste
 11154 | Lair:2   | You are sucked into a shaft and drop 2 floors!
 11496 | Lair:2   | XOM: smoke on damage
 11498 | Lair:2   | XOM: confusion
 11518 | Lair:2   | XOM: enchant monster (good)
 11575 | Lair:2   | XOM: noise
 11956 | Lair:2   | XOM: summons 7 hostile demons
 12092 | Lair:2   | Noticed Fannar
 12096 | Lair:2   | XOM: enchant monster (bad)
 12100 | Lair:2   | XOM: confusion (+ monsters)
 12118 | Lair:2   | Killed Fannar
 12181 | Lair:2   | XOM: give mutations
 12181 | Lair:2   | Gained mutation: You possess an exceptional clarity of
                  | mind. [Xom's mischief]
 12181 | Lair:2   | Gained mutation: You have a pair of small horns on your
                  | head. [Xom's mischief]
 12235 | Lair:3   | XOM: swap monsters
 12267 | Lair:3   | XOM: noise
 12308 | Lair:3   | XOM: potion effect (brilliance)
 12311 | Lair:3   | Reached skill level 13 in Short Blades
 12452 | Lair:3   | Found a blossoming altar of Fedhas.
 12466 | Lair:3   | Killed from afar by an oklob plant

Illustrated notes

Levels and vault maps discovered:
D:1:      evilmike_arrival_hilbert_curve, layout_loops_ring,
          basic_ecumenical_altar, hex_large, nicolae_titane
D:2:      layout_basic, basic_altar, serial_shops, nicolae_diamond_shop
D:3:      layout_loops_ring, lemuel_coloured_pillars_altar, serial_glass,
          glass_columns_a, glass_columns_a, glass_columns_a, feat_on_display,
          item_on_display_b, portal_sewer_entry_b, uniq_jessica
D:4:      layout_loops_ring, st_stairs_4
D:5:      layout_basic, grunt_temple_overflow_forces_of_nature,
          minmay_misc_feat_nine_boxes, minmay_crystal_water,
          chequers_mini_garden, minmay_misc_feat_enclosed, fountainhead,
          hangedman_decor_opposing, uniq_prince_ribbit1, uniq_edmund,
          uniq_duvessa
D:6:      lemuel_castle_with_subvaults [lemuel_castle_interior_carwin_2],
          layout_rooms, serial_curves, eino_curves_02, eino_curves_02,
          eino_curves_04
D:7:      layout_cave_pods, mainiacjoe_overflow_alcove_1,
          minmay_temple_entry_proselytizer, uniq_maurice, uniq_joseph
D:8:      layout_rooms, marbit_many_paths, uniq_jeremiah, uniq_psyche
D:9:      layout_roguey
D:10:     layout_basic, nicolae_kite_square_tiling_tiny,
          kennysheep_generic_room_3, uniq_grum
D:11:     minmay_the_grid_octo_tiled_octocenter [minmay_the_grid_octo_focus,
          minmay_the_grid_octo_clover, minmay_the_grid_octo_concentric,
          minmay_the_grid_octo_vomiting_pacman, minmay_the_grid_octo_prize_star,
          minmay_the_grid_square_5x5_two_walls_b,
          minmay_the_grid_square_5x5_intrusive_squares,
          minmay_the_grid_square_5x5_bite, minmay_the_grid_square_5x5_inset],
          layout_basic, dpeg_oklobed_lair, orc_0_dummy, special_room
          [special_room_orc]
Lair:1:   layout_big_grid
Lair:2:   layout_cave_pods, elwin_shoals_entry_rocks,
          minmay_snake_entry_six_corridors, nicolae_quartered_pool_medium,
          nicolae_lair_liquid_snakes, uniq_fannar, uniq_maggie
Lair:3:   layout_concentric_octagons, roderic_batcave, hangedman_tree_tricks,
          st_stairs_13, kennysheep_basilisk_garden
Lair:4:   regret_index_wax_grids, layout_layer_cave, slime_entry_1,
          grunt_megastairs_1

Skill      XL: |  1  2  3  4  5  6  7  8  9 10 11 12 13 |
---------------+----------------------------------------+-----
Dodging        | 1 2 3 4 5 6 7 8 |  8.0
Short Blades   | 3 4 5 6 7 9 10 11 13 | 13.0
Unarmed Combat | 1 2 3 4 5 6 7 8 9 |  9.5
Fighting       | 3 4 5 6 7 8 9 |  9.5
Armour         | 2 3 4 5 6 7 8 |  8.4

Action                     |  1- 3 |  4- 6 |  7- 9 | 10-12 | 13-15 || total
---------------------------+-------+-------+-------+-------+-------++-------
  Melee: Short sword       |    78 |    95 |   220 |   860 |   502 ||  1755
         Bite              |    20 |    43 |    59 |   342 |   229 ||   693
         Punch             |     1 |     5 |     7 |    50 |    23 ||    86
         Dagger            |       |    66 |       |       |       ||    66
         Kick              |       |       |    47 |    63 |       ||   110
         Unarmed           |       |       |       |    30 |       ||    30
         Headbutt          |       |       |       |       |    44 ||    44
  Evoke: Wand              |       |       |       |    21 |     5 ||    26
    Use: Potion            |     4 |     2 |     2 |     7 |     2 ||    17
         Scroll            |     2 |     3 |     6 |     9 |     3 ||    23
   Stab: Sleeping          |     1 |       |       |       |       ||     1
         Paralysed         |       |     3 |       |       |       ||     3
         Confused          |       |       |     2 |     5 |     2 ||     9
         Invisible         |       |       |       |     6 |       ||     6
         Distracted        |       |       |       |     2 |       ||     2
 Armour: Leather armour    |    38 |    52 |       |       |       ||    90
         Plate armour      |       |    49 |   167 |    40 |       ||   256
         Skin              |       |     3 |       |    18 |       ||    21
         Quicksilver drago |       |       |       |   349 |   272 ||   621
  Dodge: Dodged            |    37 |    52 |    38 |   397 |   363 ||   887
  Block: Buckler           |       |       |       |       |    79 ||    79

Table legend: (Time is in decaauts)
 A = Elapsed time spent in this place.
 B = Non-inter-level travel time spent in this place.
 C = Inter-level travel time spent in this place.
 D = Time resting spent in this place.
 E = Time spent auto-exploring this place.
 F = Levels seen in this place.
 G = Mean time per level.
                   A        B        C        D        E       F      G
               +--------+--------+--------+--------+--------+-----+--------+
         Total |  11718 |  11134 |    584 |     97 |   8413 |  15 |  781.2 |
       Dungeon |   9701 |   9230 |    471 |     57 |   7052 |  11 |  881.9 |
          Lair |   2016 |   1904 |    112 |     40 |   1361 |   4 |  504.0 |
               +--------+--------+--------+--------+--------+-----+--------+

Top non-repeatable levels by time:
    D:11: 1770 daAuts
  Lair:2: 1162 daAuts
     D:6: 994 daAuts
     D:3: 991 daAuts
     D:7: 923 daAuts
     D:2: 837 daAuts
     D:5: 804 daAuts
    D:10: 789 daAuts
     D:1: 782 daAuts
     D:4: 701 daAuts
     D:8: 627 daAuts
  Lair:1: 519 daAuts
     D:9: 478 daAuts
  Lair:3: 198 daAuts
  Lair:4: 136 daAuts
